tsadok, neutral male gnomish Tourist ------ ---- |....| ###############|.$$| ---------------- |.....#### --------- #---- ##..$$| |..............| |>{..|# # |........###%###|... # |.$$| |..............| ---+--# ##-....<..| ##|....[ ### ---- |...............# # |.......-# #####|....... # ----------------# # --------- |........dG # ## --------- # # #### ### #--------|----.-- #|..............| #|..............| #...............| |..............| ---------------- tsadok the Sightseer Experience level: 4 Strength: 12 Dexterity: 12 Constitution: 13 Intelligence: 14 Wisdom: 8 Charisma: 17 Health: 0(23) Energy: 14(14) Def: 0 Gold: 942 Moves: 1595 Dungeon seed: cph1w7bE1JjttWtT Game ID: tsadok_1443644835 Your Inventory: Coins $ - 942 gold pieces Amulets x - an uncursed amulet of ESP Weapons a - 31 uncursed +2 darts (in quiver) p - an uncursed +2 aklys (alternate weapon; not wielded) F - an uncursed +0 dagger U - an uncursed +0 elven dagger Armor e - an uncursed +0 Hawaiian shirt (being worn) Y - an uncursed +0 dwarvish cloak Z - a cursed -6 pair of fumble boots Comestibles b - an uncursed carrot c - 2 uncursed wads of ABC gum d - 2 uncursed lembas wafers f - 2 uncursed fortune cookies g - 9 uncursed food rations h - an uncursed apple v - 5 uncursed tripe rations K - an uncursed egg V - 2 uncursed sprigs of wolfsbane Scrolls m - 3 uncursed scrolls of magic mapping q - an uncursed scroll of light s - a cursed scroll of stinking cloud G - an uncursed scroll of scare monster I - 2 uncursed scrolls of blank paper Spellbooks t - an uncursed spellbook of detect monsters Potions i - 2 uncursed potions of extra healing r - an uncursed potion of sleeping u - an uncursed potion of levitation A - an uncursed potion of booze T - an uncursed potion of sickness X - an uncursed potion of hallucination Rings H - an uncursed ring of polymorph control Wands n - an uncursed wand of secret door detection (0:15) w - an uncursed wand of locking (0:5) Tools k - an uncursed credit card l - an uncursed expensive camera (0:92) o - an uncursed tin opener (weapon in hand) Gems y - an uncursed worthless piece of yellow glass z - an uncursed worthless piece of yellowish brown glass N - an uncursed worthless piece of black glass Spells and supernatural/magical abilities: Name Level Category Fail Memory W - pray for help -- divine ? -- Your skills at the end: Miscellaneous Skills wands [Basic] Weapon Skills club [Basic] dart [Basic] Spellcasting Skills Final Attributes: You were devoutly aligned. You had infravision. You are dead. Vanquished creatures: a yellow light 4 elf zombies a paper golem 2 hobbits a large kobold 3 geckos a giant rat 2 cave spiders a brown mold 2 gnome zombies 9 jackals a fox 2 newts a goblin 3 grid bugs a bat 3 lichens 2 kobold zombies 40 creatures vanquished. Voluntary challenges: You did not adorn yourself with jewelry or accessories. You were an atheist. You never hit with a wielded weapon. You did not use containers. You did not apply a unicorn horn. You read items or engraved 3 times, starting on turn 88. You never genocided any monsters. You never polymorphed an object. You never changed form. You used no wishes. You never split a pudding. You never wrote Elbereth's name. You never violated your personal moral code. Dungeon overview: The Dungeons of Doom: levels 1 to 11 Level 1 a long staircase Level 2 stairs to The Gnomish Mines Level 3 a fountain Level 4 Level 5 Level 6 a fountain, a sink Level 7 Level 8 Level 9 some fountains Level 10 <- You were here a fountain Level 11 The Gnomish Mines: levels 3 to 4 Level 3 stairs to The Dungeons of Doom Level 4 History has recorded: On T:1 you entered the Dungeons of Doom to retrieve the Amulet of Yendor! On T:136 you reached level 2 of The Dungeons of Doom. On T:294 you reached level 1 of The Gnomish Mines. On T:357 you advanced to experience level 2. On T:369 you reached level 2 of The Gnomish Mines. On T:491 you reached level 3 of The Dungeons of Doom. On T:679 you advanced to experience level 3. On T:703 you reached level 4 of The Dungeons of Doom. On T:729 you reached level 5 of The Dungeons of Doom. On T:1018 you reached level 6 of The Dungeons of Doom. On T:1174 you reached level 7 of The Dungeons of Doom. On T:1224 you reached level 8 of The Dungeons of Doom. On T:1256 you advanced to experience level 4. On T:1312 you reached level 9 of The Dungeons of Doom. On T:1424 you reached level 10 of The Dungeons of Doom. On T:1485 you reached level 11 of The Dungeons of Doom. Score breakdown: Gold: 744 ( 74 points) Experience: 4 levels ( 300 points) Exploration: 11 levels ( 300 points) Discoveries: 0 items ( 0 points) Variety of kills: 18 monsters ( 900 points) Major goal: (nothing yet) ( 0 points) Survival: died (score multiplied by 3) Total score: 4722 Latest messages: The dart hits the dingo! The dingo bites! You die... Final status: Aloha tsadok the Tourist, killed by a dingo... You died in The Dungeons of Doom on dungeon level 10 with 4722 points, and 942 pieces of gold, after 1595 moves. You were level 4 with a maximum of 23 hit points when you died.